 Dungeon Crawl Stone Soup version 0.25-a0-289-g406d6369f5 (webtiles) character file.

Game seed: 10053720445195182658, levelgen mode: deterministic

26909 Faustar the Protected (level 13, -6/112 (114) HPs)
             Began as a Ghoul Gladiator on Dec 13, 2019.
             Was an Elder of Ru.
             Mangled by an entropy weaver (15 damage)
             ... on level 4 of the Lair of Beasts.
             The game lasted 00:39:41 (13960 turns).

Faustar the Protected (Ghoul Gladiator)            Turns: 13960, Time: 00:39:42

HP:   -6/112 (114)  AC:  1    Str: 23    XL:     13   Next: 29%
MP:   12/12         EV:  9    Int:  3    God:    Ru [****..]
Gold: 667           SH:  2    Dex: 10    Spells: 12/12 levels left

rFire    + . .     SeeInvis .     - Unarmed
rCold    . . .     Gourm    .   (no shield)
rNeg     + + +     Faith    .   G - +0 plate armour
rPois    ∞         Spirit   .   J - +2 hat
rElec    .         Reflect  +   M - +0 cloak
rCorr    .         Harm     .   N - +0 pair of gloves
MR       .....                  (no boots)
Stlth    ..........             y - +2 amulet of reflection
HPRegen  0.00/turn              L - ring of fire
MPRegen  0.13/turn              C - +2 ring of evasion

@: exhausted, corroded, rotting, lightly drained
A: rotting body, claws 1, carnivore, cold resistance 1, negative energy
resistance 3, inhibited regeneration, torment resistance, unbreathing, hated by
all, inability to train dodging, unskilled 1
a: Draw Out Power, Power Leap, Renounce Religion


You were on level 4 of the Lair of Beasts.
You worshipped Ru.
Ru was greatly pleased with you.
You were not hungry.

You visited 3 branches of the dungeon, and saw 16 of its levels.
You also visited: Ossuary.

You collected 727 gold pieces.
You spent 60 gold pieces at shops.

Inventory:

Missiles
 c - 3 throwing nets (quivered)
Armour
 a - a +0 leather armour
 b - a +0 helmet
 i - a +0 helmet
 q - a +0 ring mail
 v - a +0 chain mail
 G - a +0 plate armour (worn)
 H - the +1 ring mail of the Soldier {rF+++ rC- Dex+6 Slay-2}
   (You found it on level 9 of the Dungeon)

   It affects your dexterity (+6).
   It affects your accuracy and damage with ranged weapons and melee attacks
   (-2).
   It renders you almost immune to fire.
   It makes you vulnerable to cold.
 J - a +2 hat (worn)
 M - a +0 cloak (worn)
 N - a +0 pair of gloves (worn)
Jewellery
 y - a +2 amulet of reflection (around neck)
 C - a +2 ring of evasion (right hand)
 I - a +3 ring of intelligence
 K - a cursed -4 ring of slaying {unknown}
 L - a ring of fire (left hand)
 O - an uncursed amulet of regeneration
 P - a cursed amulet of inaccuracy {unknown}
Wands
 j - a wand of flame (18)
 D - a wand of iceblast (5)
Scrolls
 f - 3 scrolls of amnesia
 g - a scroll of torment {unknown}
 h - 3 scrolls of remove curse
 l - 4 scrolls of enchant weapon
 n - 4 scrolls of immolation
 p - 5 scrolls of teleportation
 r - a scroll of blinking
 w - 3 scrolls of enchant armour {unknown}
 z - a scroll of magic mapping
 F - a scroll of vulnerability
 Q - a scroll of noise {unknown}
 R - a scroll of identify
Potions
 e - 3 potions of flight
 k - 9 potions of curing
 m - 2 potions of might
 o - 2 potions of brilliance
 s - 2 potions of degeneration
 t - a potion of heal wounds
 u - 2 potions of ambrosia
 x - 2 potions of mutation
 A - a potion of agility
 B - 2 potions of lignification
 E - a potion of invisibility
Comestibles
 d - 39 rations


   Skills:
 + Level 10.5(10.0) Fighting
 - Level 1.5(1.2) Throwing
 - Level 13.7(13.2) Armour
 + Level 10.7(10.2) Unarmed Combat


You had 12 spell levels left.
You didn't know any spells.
Your spell library contained the following spells:

 Spells                   Type           Power        Failure   Level  Hunger
 Beastly Appendage        Tmut           Unusable     N/A         1    N/A
 Sticks to Snakes         Tmut           Unusable     N/A         2    N/A
 Spider Form              Tmut/Pois      Unusable     N/A         3    N/A
 Ice Form                 Ice/Tmut       Unusable     N/A         4    N/A
 Blade Hands              Tmut           Unusable     N/A         5    N/A

Dungeon Overview and Level Annotations

Branches:
Dungeon (9/15)             Temple (1/1) D:5            Lair (6/6) D:8
  Snake (0/4) Lair:2      Ossuary (visited)
  Swamp: Lair:2-4    Shoals: Lair:2-4     Slime: Lair:5-6       Orc: D:9-12

Altars:
Ashenzari
Cheibriados
Fedhas
Gozag
Hepliaklqana
Okawaru
Ru
Sif Muna
Uskayaw
Xom
Yredelemnul
Zin
The Shining One

Shops:
D:4 !:==   D:5 :   D:7 (

Annotations:
Lair:1 3 runed translucent doors, exclusions: orange crystal statue and 1 more exclusion, Faustar's ghost, journeyman TrBe
Lair:6 exclusion: oklob plant


Innate Abilities, Weirdness & Mutations

Your body is rotting away.
You thrive on raw meat.
You are immune to poison.
You have sharp fingernails.
You are carnivorous and can eat meat at any time.
Your flesh is cold resistant. (rC+)
You are immune to negative energy. (rN+++)
You do not regenerate when monsters are visible.
You are immune to unholy pain and torment.
You can survive without breathing.
You are hated by all.
You cannot train Dodging skill.
You are somewhat unskilled. (-1 Apt)


Message History

You hit the entropy weaver.
The entropy weaver is severely wounded.
The entropy weaver hits you. x2; The entropy weaver closely misses you. x2
Evoke which item? (* to show all) (? for menu, Esc to quit)
Okay, then.
You hit the entropy weaver but do no damage.
Your punch misses the entropy weaver.
The entropy weaver is severely wounded.
The entropy weaver hits you but does no damage.
The entropy weaver hits you!
* * * LOW HITPOINT WARNING * * *
You block the entropy weaver's attack. The entropy weaver hits you.
* * * LOW HITPOINT WARNING * * *
You barely miss the entropy weaver.
You punch the entropy weaver, but do no damage.
The entropy weaver is severely wounded.
The entropy weaver hits you!
* * * LOW HITPOINT WARNING * * *
The entropy weaver hits you!
You die...

##........### .##............##
###.......P# ####............##
###.......## ###...........#
.##.#.....# #####...........##
..###.....# ###.................
.####....## #...................
.#....#..# ##..................#
.....#.######...................#
.##...##..##....@a............###
##..##.#.......>..............##
##.#..#......................#.#
#(.#.#.##.####.##............###
..#.#.#.##.####.##...........# .
.#..##.#.###..#..#..........## ..
....#.##..#.#..##..........## ...
#....##..##.##.#.#.........##....
....##...[......##.........P.....


You could see an entropy weaver.

Vanquished Creatures
  Gastronok (Lair:2)
  An entropy weaver (Lair:4)
  3 hydras
  A centaur warrior (D:9)
  A two-headed ogre (D:8)
  A queen ant (Lair:3)
  An elephant (Lair:4)
  3 spiny frogs
  9 komodo dragons
  A torpor snail (Lair:2)
  A rime drake (Lair:5)
  Prince Ribbit (D:6)
  2 polar bears (Lair:3)
  10 hippogriffs
  2 vampires (D:9)
  A human (D:7)
  22 yaks
  4 hogs (D:7)
  3 basilisks
  Menkaure (D:6)
  A swamp worm (Lair:2)
  15 soldier ants
  2 nagas (Lair:2)
  12 water moccasins
  12 porcupines
  4 orc warriors
  2 ice beasts
  A sky beast (D:5)
  A black bear (D:7)
  3 centaurs (D:6)
  2 ogres
  4 wolves (Lair:2)
  15 crocodiles
  7 bullfrogs
  2 elf zombies (Ossuary)
  A water moccasin skeleton (D:8)
  A howler monkey (D:8)
  A troll zombie (Ossuary)
  3 crimson imps
  A quasit (D:7)
  A centaur zombie (Ossuary)
  2 orc priests (D:8)
  3 centaur skeletons
  6 hounds
  3 jellies
  2 bullfrog skeletons
  4 orc wizards
  6 iguanas
  Natasha (D:4)
  21 worker ants
  A big kobold zombie (Ossuary)
  3 ogre zombies (Ossuary)
  A hound skeleton (D:8)
  7 mummies (Ossuary)
  3 gnolls (D:5)
  A howler monkey skeleton (D:6)
  12 adders
  2 oozes
  4 adder zombies (Ossuary)
  2 adder skeletons
  A worm (D:4)
  A dart slug (D:1)
  5 leopard geckos
  15 orcs
  2 ball pythons
  10 bats
  5 giant cockroaches
  10 goblins
  9 hobgoblins
  9 jackals
  8 kobolds
  5 quokkas
  A ball python skeleton (D:4)
  8 frilled lizards
  5 goblin zombies (Ossuary)
  A hobgoblin zombie (Ossuary)
  2 jackal skeletons
  6 kobold zombies (Ossuary)
  A leopard gecko skeleton (D:5)
  A quokka skeleton (D:4)
  5 quokka zombies
  7 rats
  2 rat zombies (Ossuary)
  A plant (Lair:6)
364 creatures vanquished.

Vanquished Creatures (others)
  A wyvern (Lair:4)
  2 crocodiles
  An iguana (D:6)
  12 fungi
  16 plants
32 creatures vanquished.

Grand Total: 396 creatures vanquished

Notes
Turn   | Place    | Note
-------+----------+-------------------------------------------
     0 | D:1      | Faustar the Ghoul Gladiator began the quest for the Orb.
     0 | D:1      | Reached XP level 1. HP: 17/17 MP: 0/0
    64 | D:1      | Reached XP level 2. HP: 23/25 MP: 1/1
   160 | D:1      | Reached XP level 3. HP: 31/31 MP: 2/2
   727 | D:2      | Reached XP level 4. HP: 31/38 MP: 3/3
  1525 | D:3      | Reached XP level 5. HP: 46/46 MP: 4/4
  1671 | D:4      | Found Gorulo's Jewellery Emporium.
  1687 | D:4      | Found Bupluaph's Jewellery Emporium.
  1701 | D:4      | Noticed an ogre
  1781 | D:4      | Reached skill level 5 in Unarmed Combat
  2209 | D:4      | Found a sacrificial altar of Ru.
  2235 | D:4      | Became a worshipper of Ru the Awakened
  2271 | D:4      | Reached XP level 6. HP: 51/55 MP: 5/5
  2283 | D:4      | Found Quomiss's Distillery.
  2284 | D:4      | Found Juarif's Book Shoppe.
  2303 | D:4      | Reached skill level 5 in Fighting
  2318 | D:4      | Bought a potion of heal wounds for 60 gold pieces
  2938 | D:4      | Noticed Natasha
  2943 | D:4      | Killed Natasha
  3367 | D:5      | Entered Level 5 of the Dungeon
  3463 | D:5      | Reached XP level 7. HP: 55/62 MP: 6/6
  3491 | D:5      | Found Meoshrut's Book Boutique.
  3611 | D:5      | Noticed a hippogriff
  3624 | D:5      | Killed a hippogriff
  3653 | D:5      | Gained mutation: You cannot train Dodging skill. [Ru
                  | sacrifice]
  3653 | D:5      | Reached * piety under Ru
  3727 | D:5      | Reached XP level 8. HP: 55/73 MP: 7/7
  3952 | D:5      | Found a staircase to the Ecumenical Temple.
  4035 | Temple   | Entered the Ecumenical Temple
  4087 | D:6      | Found a sand-covered staircase.
  4105 | Ossuary  | Entered an ossuary
  4760 | D:6      | Reached XP level 9. HP: 78/83 MP: 8/8
  4777 | D:6      | Noticed Prince Ribbit
  4916 | D:6      | Killed Prince Ribbit
  4969 | D:6      | Noticed Menkaure
  4988 | D:6      | Killed Menkaure
  5192 | D:6      | Found a shimmering blue altar of Sif Muna.
  5237 | D:6      | Reached skill level 10 in Unarmed Combat
  5416 | D:6      | Gained mutation: You are hated by all. [Ru sacrifice]
  5416 | D:6      | Reached ** piety under Ru
  5416 | D:6      | Reached *** piety under Ru
  5666 | D:6      | Reached skill level 10 in Fighting
  5909 | D:7      | Found a shattered altar of Ashenzari.
  5911 | D:7      | Found a hide-covered altar of Uskayaw.
  5914 | D:7      | Found a blossoming altar of Fedhas.
  6013 | D:7      | Found Rithesaj's Antique Weapon Emporium.
  6018 | D:7      | Reached skill level 1 in Armour
  6200 | D:7      | Reached skill level 2 in Armour
  6223 | D:7      | Reached skill level 3 in Armour
  6237 | D:7      | Found a snail-covered altar of Cheibriados.
  6237 | D:7      | Found a shimmering altar of Xom.
  6238 | D:7      | Found a glowing silver altar of Zin.
  6238 | D:7      | Found a basalt altar of Yredelemnul.
  6358 | D:7      | Found a glowing golden altar of the Shining One.
  6379 | D:7      | Found a hazy altar of Hepliaklqana.
  6459 | D:7      | Reached skill level 4 in Armour
  6459 | D:7      | Reached XP level 10. HP: 76/93 MP: 9/9
  6471 | D:7      | Reached skill level 5 in Armour
  6702 | D:8      | Noticed a two-headed ogre
  6789 | D:7      | Reached skill level 6 in Armour
  7082 | D:8      | Reached skill level 7 in Armour
  7688 | D:8      | Found a staircase to the Lair.
  7767 | D:8      | Reached skill level 8 in Armour
  7935 | D:8      | Killed a two-headed ogre
  7935 | D:8      | Reached skill level 9 in Armour
  8016 | Lair:1   | Entered Level 1 of the Lair of Beasts
  8079 | D:9      | Got a transparent ring mail
  8097 | D:9      | Identified the +1 ring mail of the Soldier {rF+++ rC- Dex+6
                  | Slay-2} (You found it on level 9 of the Dungeon)
  8147 | D:9      | Reached XP level 11. HP: 91/96 MP: 10/10
  8185 | D:9      | Noticed a centaur warrior
  8196 | D:9      | Noticed a green ugly thing
  8197 | D:9      | Killed a centaur warrior
  8197 | D:9      | Reached skill level 10 in Armour
  8197 | D:9      | Noticed a skeletal warrior
  8437 | Lair:1   | Found a runed translucent gate.
  8438 | Lair:1   | Found a runed translucent gate.
  8438 | Lair:1   | Noticed Faustar's ghost (journeyman TrBe)
  8439 | Lair:1   | Noticed an 11-headed hydra
  8439 | Lair:1   | Noticed an 11-headed hydra
  8440 | Lair:1   | Found a runed translucent gate.
  8609 | Lair:1   | Noticed an orange crystal statue
  9282 | Lair:2   | Found a staircase to the Snake Pit.
  9484 | Lair:2   | Noticed Gastronok
  9527 | Lair:2   | Reached skill level 11 in Armour
  9793 | Lair:2   | Killed Gastronok
  9793 | Lair:2   | Reached skill level 12 in Armour
 10254 | Lair:2   | Reached XP level 12. HP: 95/106 MP: 11/11
 10603 | Lair:2   | Reached skill level 13 in Armour
 10727 | Lair:2   | Noticed a four-headed hydra
 10739 | Lair:2   | Noticed a five-headed hydra
 10745 | Lair:2   | Killed a four-headed hydra
 11189 | Lair:3   | Found the +3 salamander hide armour {+Rage rF++}
 11196 | Lair:3   | Noticed a six-headed hydra
 11211 | Lair:3   | Killed a six-headed hydra
 11669 | Lair:3   | Reached skill level 14 in Armour
 12194 | Lair:4   | Noticed an entropy weaver
 12216 | Lair:4   | Killed an entropy weaver
 12428 | Lair:4   | Noticed a queen ant
 12430 | Lair:4   | Noticed an entropy weaver
 12496 | Lair:3   | Gained mutation: You are somewhat unskilled. (-1 Apt) [Ru
                  | sacrifice]
 12496 | Lair:3   | Reduced skill Armour to level 13
 12496 | Lair:3   | Reached **** piety under Ru
 12826 | Lair:3   | Reached XP level 13. HP: 111/111 MP: 12/12
 12950 | Lair:3   | Reached skill level 10 in Unarmed Combat
 13288 | Lair:4   | Reached skill level 10 in Fighting
 13376 | Lair:4   | You fall into a shaft and drop 2 floors!
 13376 | Lair:6   | Entered Level 6 of the Lair of Beasts
 13960 | Lair:4   | Mangled by an entropy weaver

Levels and vault maps discovered:
D:1:      dpeg_arrival_erosion, layout_basic, minmay_misc_feat_more_columns
D:2:      layout_basic, minivault_14
D:3:      layout_rooms
D:4:      layout_loops_ring, hangedman_ru_absence, serial_shops, shop_statue,
          nicolae_shop_crystal, shop,
          nicolae_shop_temple_entry_statues_fountains, first_ration,
          serial_co_window_serial, co_window_corner_a, co_window_corner_a,
          co_window_of_opportunity_a, co_window_corner_a,
          co_window_of_opportunity_a, co_window_broadway_c, co_window_corner_b,
          co_window_corner_cb, co_window_of_opportunity_b, co_window_paths_d,
          glass_columns_a, glass_columns_a, glass_columns_b, glass_columns_b,
          uniq_natasha
D:5:      layout_cave_pools, minmay_temple_entry_sparse_star, serial_shops,
          nicolae_shop_behind_doors, minivault_23
D:6:      layout_cave_pods, kennysheep_mini_moat, enter_ossuary_5,
          patterned_corridor, uniq_menkaure, uniq_prince_ribbit1
D:7:      layout_rooms, chequers_temple_overflow_statue_of_worship, minitemple,
          nicolae_overflow_crystal_walls, serial_shops, nicolae_shop_waterfront,
          serial_glass, glass_columns_a, glass_columns_a, grunt_livestock,
          nicolae_tso_carved_into_rock
D:8:      layout_rooms, minmay_lair_entry_grove
D:9:      layout_cave_pools, david_orc_1_choice, serial_shops, shop_statue,
          minmay_pinched_square
Temple:   hc_temple_tempest_star
Lair:1:   wander_river, layout_hall_layers, gammafunk_ghost_hydra_chop,
          disabler_island
Lair:2:   beast_lair_carwin_large_2, layout_concentric_octagons,
          palyth_hydra_swamp_entry, guppyfry_snake_entry_island, uniq_gastronok
Lair:3:   layout_long_grid, gammafunk_lair_bear_cave
Lair:4:   layout_cave_pods, minmay_another_anthill
Lair:5:   layout_roguey [special_room_bee], minmay_slime_entry_pillars
Lair:6:   wormcave, layout_cave_pods, guppyfry_lair_end_dragon, st_stairs_3

Skill      XL: |  1  2  3  4  5  6  7  8  9 10 11 12 13 |
---------------+----------------------------------------+-----
Fighting       | 3 4 5 7 9 10 9 10 | 10.5
Unarmed Combat | 4 5 6 7 9 10 9 10 | 10.7
Dodging        | 0 |  0.0
Armour         | 4 9 12 13 | 13.7
Throwing       | |  1.5

Action                   |  1- 3 |  4- 6 |  7- 9 | 10-12 | 13-15 || total
-------------------------+-------+-------+-------+-------+-------++-------
Melee: Unarmed           |   128 |   219 |   388 |   840 |   194 ||  1769
       Punch             |     4 |     5 |    12 |    36 |     7 ||    64
Invok: Sacrifice Nimblen |       |       |     1 |       |       ||     1
       Sacrifice Love    |       |       |     1 |       |       ||     1
       Reject Sacrifices |       |       |       |     1 |       ||     1
       Sacrifice Skill   |       |       |       |     1 |       ||     1
       Draw Out Power    |       |       |       |       |     2 ||     2
Evoke: Wand              |       |       |     1 |    10 |     3 ||    14
  Use: Potion            |       |       |     2 |       |       ||     2
       Scroll            |       |       |       |    21 |     1 ||    22
 Stab: Distracted        |       |       |     1 |     1 |     1 ||     3
       Invisible         |       |       |     1 |     6 |     1 ||     8
  Eat: Chunk             |    10 |    13 |    35 |    91 |    11 ||   160
Armor: Leather armour    |    55 |    20 |       |       |       ||    75
       Ring mail         |       |    22 |       |       |       ||    22
       Chain mail        |       |    21 |   192 |    50 |       ||   263
       Plate armour      |       |       |       |   421 |   124 ||   545
Dodge: Dodged            |   110 |   127 |   117 |   308 |    76 ||   738
Block: Other             |       |       |    20 |    49 |    10 ||    79
       Reflection        |       |       |       |     1 |       ||     1

Table legend:
 A = Non-vault XP
 B = Vault XP
 C = Vault XP percentage of total XP
 D = Non-vault monster count
 E = Vault monster count
 F = Vault count percentage of total count
                 A         B        C        D         E       F
            +---------+---------+-------+---------+---------+-------
      Total |   20724 |   17718 |  46.1 |     255 |     111 |  30.3
            +---------+---------+-------+---------+---------+-------
        D:1 |      62 |       0 |   0.0 |      33 |       0 |   0.0
        D:2 |      47 |       0 |   0.0 |      13 |       0 |   0.0
        D:3 |      57 |       0 |   0.0 |      23 |       0 |   0.0
        D:4 |     330 |      35 |   9.6 |      17 |       1 |   5.6
        D:5 |     799 |       0 |   0.0 |      25 |       0 |   0.0
        D:6 |    1295 |     480 |  27.0 |      26 |       2 |   7.1
        D:7 |     822 |    1472 |  64.2 |      17 |       8 |  32.0
        D:8 |    1729 |    1311 |  43.1 |      18 |       9 |  33.3
        D:9 |      43 |    1667 |  97.5 |       3 |       8 |  72.7
     Lair:1 |    1049 |       0 |   0.0 |       8 |       0 |   0.0
     Lair:2 |    5194 |    4982 |  49.0 |      28 |      12 |  30.0
     Lair:3 |    5163 |    1722 |  25.0 |      24 |       8 |  25.0
     Lair:4 |    1858 |    3860 |  67.5 |       8 |      22 |  73.3
     Lair:5 |     571 |     364 |  38.9 |       3 |       1 |  25.0
     Lair:6 |    1705 |    1263 |  42.6 |       9 |       3 |  25.0
    Ossuary |       0 |     562 | 100.0 |       0 |      37 | 100.0
            +---------+---------+-------+---------+---------+-------
